 Dungeon Crawl Stone Soup version 0.17-a0-1570-g74b7129 (webtiles) character file.

54 Chiseanne the Magician (level 3, -4/25 HPs)
             Began as a Demonspawn Wanderer on July 23, 2015.
             Was an Initiate of Vehumet.
             Slain by an ogre
             ... wielding a +0 giant spiked club
              (20 damage)
             ... on level 3 of the Dungeon.
             The game lasted 00:05:51 (3410 turns).

Chiseanne the Magician (Demonspawn Wanderer)        Turns: 3410, Time: 00:05:51

Health: -4/25      AC:  4    Str: 14    XL:     3   Next: 66%
Magic:  8/9        EV: 11    Int: 13    God:    Vehumet [......]
Gold:   189        SH:  0    Dex: 11    Spells: 1 memorised, 11 levels left

rFire  . . .     SeeInvis .     a - +3 dagger (speed)
rCold  . . .     Clarity  .     p - +1 leather armour
rNeg   . . .     SustAt   .     (no shield)
rPois  .         Gourm    .     (no helmet)
rElec  .         Spirit   .     (no cloak)
rCorr  .         Warding  .     (no gloves)
rMut   .         Stasis   .     (no boots)
MR     +....                    (no amulet)
Stlth  +++.......               (no ring)
                                l - ring of protection from magic

@: somewhat resistant to hostile enchantments, fairly stealthy
A: nightstalker 2
a: Renounce Religion


You were on level 3 of the Dungeon.
You worshipped Vehumet.
Vehumet was noncommittal.
You were not hungry.

You visited 1 branch of the dungeon, and saw 3 of its levels.

You collected 189 gold pieces.

Inventory:

Hand weapons
 a - a +3 dagger of speed (weapon)
Missiles
 d - 18 arrows of dispersal
 e - 4 tomahawks (quivered)
 h - 29 bolts
 o - 30 arrows
 r - 11 poisoned sling bullets
 t - 15 sling bullets
 u - 8 poisoned needles
Armour
 p - a +1 leather armour (worn)
Jewellery
 l - a ring of protection from magic (left hand)
Scrolls
 j - 2 scrolls of enchant armour
 k - a scroll of teleportation
 n - 2 scrolls of remove curse
Potions
 i - 3 potions of curing
 m - a potion of agility
 q - a potion of degeneration {unknown}
Books
 b - the Guide on Clay

   Spells                             Type                      Level
   a - Sandblast                      Earth                        1
   b - Stone Arrow                    Conjuration/Earth            3
 c - Borgnjor's Almanac of Necromancy

   Spells                             Type                      Level
   a - Pain                           Necromancy                   1
   b - Regeneration                   Charms/Necromancy            3
 g - a book of Minor Magic

   Spells                             Type                      Level
   a - Magic Dart                     Conjuration                  1
   b - Blink                          Translocation                2
   c - Call Imp                       Summoning                    2
   d - Repel Missiles                 Charms/Air                   2
   e - Slow                           Hexes                        2
   f - Conjure Flame                  Conjuration/Fire             3
   g - Mephitic Cloud                 Conjuration/Poison/Air       3
Comestibles
 f - a bread ration
 s - a chunk of flesh


   Skills:
 - Level 0.4 Fighting
 - Level 1.0 Throwing
 * Level 1.0 Armour
 + Level 1.4 Dodging
 - Level 1.0 Stealth
 * Level 5.3 Spellcasting
 + Level 0.6 Conjurations
   Level 2.0 Summonings
   Level 1.0 Translocations


You had 11 spell levels left.
You knew the following spells:

 Your Spells              Type           Power        Failure   Level  Hunger
a - Magic Dart            Conj           #...         21%         1    None


Dungeon Overview and Level Annotations

Branches:
Dungeon (3/15)

Altars:
Gozag
Vehumet

Annotations:
D:2 Crazy Yiuf


Innate Abilities, Weirdness & Mutations

You are significantly more attuned to the shadows.


Message History

You hit the ogre.
The ogre is lightly wounded.
The ogre hits you with a giant spiked club!
Casting: Magic Dart
Confirm with . or Enter, or press ? or * to list all spells.
Aiming: Magic Dart
Press: ? - help, Shift-Dir - straight line, f - ogre
Aim: an ogre, wielding a giant spiked club (lightly wounded)
The magic dart hits the ogre.
The ogre is lightly wounded.
The ogre closely misses you.
You closely miss the ogre.
The ogre is lightly wounded.
You closely miss the ogre.
The ogre is lightly wounded.
You hit the ogre.
The ogre is lightly wounded.
The ogre hits you with a giant spiked club!!
Ouch! That really hurt!
You die...

..## ##.###.#.###.##.......###..
.## #..........................
## #..........#.#............. #
#....#.............#..#รท..# #
#.....#....#.#....#....#.#.
#######..#########.##############
.#......## #..#.$##.## ...######
#.#####.###.# .#.# ##O@####...#
##.## ###.##.#### #...# ##..##
....# #### #...# ##### .. ##. #


You could see an ogre.

Vanquished Creatures
  An adder (D:2)
  2 worms (D:3)
  A giant gecko (D:1)
  5 bats
  A giant cockroach (D:2)
  5 goblins (D:1)
  7 hobgoblins
  2 jackals (D:3)
  A quokka (D:2)
  4 giant newts
  4 kobolds
  4 rats (D:1)
37 creatures vanquished.

Notes
Turn   | Place    | Note
--------------------------------------------------------------
     0 | D:1      | Chiseanne the Demonspawn Wanderer began the quest for the Orb.
     0 | D:1      | Chiseanne set off with: a book of Minor Magic, the Guide on Clay, Borgnjor's Almanac of Necromancy, a +0 robe, a +0 club, a bread ration
     0 | D:1      | Reached XP level 1. HP: 13/13 MP: 6/6
     0 | D:1      | Identified the Guide on Clay
     0 | D:1      | Identified Borgnjor's Almanac of Necromancy
     2 | D:1      | Learned a level 1 spell: Magic Dart
   397 | D:1      | Gained mutation: You are slightly more attuned to the shadows. [demonic ancestry]
   397 | D:1      | Reached XP level 2. HP: 19/19 MP: 1/8
  1671 | D:2      | Reached skill level 1 in Dodging
  1776 | D:2      | Noticed Crazy Yiuf
  1864 | D:2      | Gained mutation: You are significantly more attuned to the shadows. [demonic ancestry]
  1864 | D:2      | Reached XP level 3. HP: 25/25 MP: 5/9
  1901 | D:2      | Found a radiant altar of Vehumet.
  1907 | D:2      | Became a worshipper of Vehumet
  2300 | D:2      | Paralysed by Crazy Yiuf for 3 turns
  2601 | D:3      | Reached skill level 1 in Armour
  2834 | D:3      | Found an opulent altar of Gozag.
  3403 | D:3      | Noticed an ogre
  3410 | D:3      | Slain by an ogre

Vault maps used:
D:1:      shiori_shiawase, minmay_stone_trees_small,
          minmay_misc_feat_nine_boxes, minivault_19
D:2:      old_standard_altar, uniq_crazy_yiuf_cottage
D:3:      wad_river_or_something, grunt_gozag_breadcrumbs

Action                   || total
-------------------------++-------
Melee: Dagger            ||    34
 Cast: Magic Dart        ||   102
  Use: Scroll            ||    11
       Potion            ||     2
 Stab: Sleeping          ||     6
  Eat: Chunk             ||     3
       Bread ration      ||     1
       Beef jerky        ||     1
